 Dungeon Crawl Stone Soup version 0.22.0-1-g6561e4c (webtiles) character file.

1862 tsouns the Carver (level 9, -1/76 HPs)
             Began as a Human Monk on Aug 12, 2018.
             Was an Initiate of Ru.
             Killed from afar by an acid dragon (8 damage)
             ... with a splash of acid
             ... on level 6 of the Dungeon.
             The game lasted 00:15:27 (5032 turns).

tsouns the Carver (Human Monk)                      Turns: 5032, Time: 00:15:27

Health: -1/76      AC:  6    Str: 20    XL:     9   Next: 35%
Magic:  0/0        EV: 12    Int:  8    God:    Ru [......]
Gold:   208        SH:  0    Dex: 24    Spells: 8/8 levels left

rFire    . . .     SeeInvis .   a - +2 falchion
rCold    . . .     Gourm    .   (no shield)
rNeg     . . .     Faith    +   n - +0 scale mail
rPois    .         Spirit   .   (no helmet)
rElec    .         Reflect  .   t - +2 cloak
rCorr    .         Harm     .   A - +1 pair of gloves
MR       .....                  k - +2 pair of boots
Stlth    ++........             x - amulet of faith
HPRegen  0.22/turn              F - ring of Bikigg {MP-9 Str+5 Dex+8 Slay+3 Stlth+}
MPRegen  0.07/turn              (no ring)

@: about to teleport, corroded
A: dopey 1, low mp 1
a: Renounce Religion


You were on level 6 of the Dungeon.
You worshipped Ru.
Ru was noncommittal.
You were hungry.

You visited 1 branch of the dungeon, and saw 6 of its levels.

You collected 208 gold pieces.

Inventory:

Hand Weapons
 a - a +2 falchion (weapon)
 f - a cursed +0 hunting sling
 l - a +2 dagger of draining
 y - a +1 dagger of distortion
Missiles
 d - 87 stones (quivered)
 e - 2 tomahawks
 u - 24 sling bullets
 C - 2 throwing nets
Armour
 k - a +2 pair of boots (worn)
 n - a +0 scale mail (worn)
 s - a +0 shield
 t - a +2 cloak (worn)
 A - a +1 pair of gloves (worn)
Jewellery
 p - an uncursed ring of fire
 x - an amulet of faith (around neck)
 F - the ring of Bikigg (left hand) {MP-9 Str+5 Dex+8 Slay+3 Stlth+}
   (You found it on level 5 of the Dungeon)

   [ring of strength]

   It affects your strength (+5).
   It affects your dexterity (+8).
   It affects your accuracy and damage with ranged weapons and melee attacks
   (+3).
   It affects your magic capacity (-9).
   It makes you more stealthy.
Wands
 w - a wand of polymorph (9)
Scrolls
 g - a scroll of teleportation
 i - 2 scrolls of fog
 m - 3 scrolls of remove curse
Potions
 h - 2 potions of lignification
 q - a potion of degeneration {unknown}
 r - a potion of curing {unknown}
 z - a potion of berserk rage {unknown}
 B - a potion of agility {unknown}
 D - a potion of flight {unknown}
Comestibles
 c - 8 rations
 v - 6 chunks of flesh


   Skills:
 + Level 9.3 Fighting
 * Level 12.4 Long Blades
 - Level 2.1 Armour
 - Level 3.0 Dodging
 - Level 2.0 Stealth


You had 8 spell levels left.
You didn't know any spells.
Your spell library was empty.

Dungeon Overview and Level Annotations

Branches:
Dungeon (6/15)
 Temple: D:4-7

Altars:
Elyvilon
Ru
Trog
Uskayaw
Xom
The Shining One

Annotations:
D:4 2 transporters


Innate Abilities, Weirdness & Mutations

You are dopey. (Int -2)
Your magical capacity is low. (-10% MP)


Message History

Increase (S)trength, (I)ntelligence, or (D)exterity?
You feel stronger.
The acid dragon bites you but does no damage.
The acid dragon claws you.
* * * LOW HITPOINT WARNING * * *
You slash the acid dragon!
The acid dragon is almost dead.
The acid dragon bites you.
* * * LOW HITPOINT WARNING * * *
The acid dragon claws you but does no damage.
You barely miss the acid dragon.
The acid dragon is almost dead.
The acid dragon bites you.
* * * LOW HITPOINT WARNING * * *
The acid dragon barely misses you.
As you read the scroll of teleportation, it crumbles to dust.
You feel strangely unstable. The acid dragon spits acid at you.
The splash of acid hits you!
You die...

#.........# ####.........#
.............###
##.............#
##...........#.#
.............#.###
##.#.........))).#
.#.#########.#)#[# # ...#
#.#.#@# .#
.###########...#D# ..# .#
#.....#.....#o########...#
.#
#.....#.###...............
.# #.......#
#.....o......... .#
#.....#.###........o......
##
#.....#.....##########..##
# ##########.## # #..#


You could see an acid dragon and an orc.

Vanquished Creatures
  Grinder (D:5)
  A scorpion (D:4)
  7 orc wizards
  2 hounds
  A gnoll shaman (D:6)
  3 orc priests
  4 worker ants
  A hound skeleton (D:4)
  4 gnolls (D:6)
  10 adders
  A shadow imp (D:5)
  An adder zombie (D:5)
  A worm (D:4)
  2 dart slugs
  2 leopard geckos
  20 orcs
  6 bats
  2 giant cockroaches (D:1)
  6 goblins
  7 hobgoblins
  2 jackals (D:5)
  2 quokkas
  3 ball pythons
  5 frilled lizards
  6 kobolds
  6 rats
106 creatures vanquished.

Notes
Turn   | Place    | Note
-------+----------+-------------------------------------------
     0 | D:1      | tsouns the Human Monk began the quest for the Orb.
     0 | D:1      | Reached XP level 1. HP: 18/18 MP: 1/1
   266 | D:1      | Reached XP level 2. HP: 21/24 MP: 2/2
   784 | D:2      | Found a hide-covered altar of Uskayaw.
   913 | D:2      | Reached XP level 3. HP: 29/29 MP: 3/3
   954 | D:2      | Reached skill level 4 in Long Blades
   988 | D:2      | Reached XP level 4. HP: 22/35 MP: 4/4
  1407 | D:2      | Found a glowing golden altar of the Shining One.
  1476 | D:3      | Found a white marble altar of Elyvilon.
  1515 | D:3      | Found a shimmering altar of Xom.
  1645 | D:3      | Found a sacrificial altar of Ru.
  1765 | D:3      | Reached XP level 5. HP: 42/42 MP: 5/5
  2256 | D:3      | Became a worshipper of Ru the Awakened
  2262 | D:3      | Gained mutation: You are dopey. (Int -2) [Ru sacrifice]
  2463 | D:4      | Found a transporter.
  2464 | D:4      | Found a transporter.
  2473 | D:4      | Reached skill level 5 in Long Blades
  2530 | D:4      | Reached skill level 1 in Armour
  2530 | D:4      | Reached XP level 6. HP: 25/48 MP: 6/6
  2742 | D:5      | Entered Level 5 of the Dungeon
  3004 | D:4      | Reached XP level 7. HP: 48/55 MP: 7/7
  3093 | D:4      | Reached skill level 6 in Long Blades
  3665 | D:5      | Noticed Grinder
  4050 | D:5      | Reached skill level 5 in Fighting
  4247 | D:5      | Got a twitching lapis lazuli ring
  4305 | D:5      | Identified the ring of Bikigg {MP-9 Str+5 Dex+8 Slay+3 Stlth+} (You found it on level 5 of the Dungeon)
  4639 | D:5      | Found a bloodstained altar of Trog.
  4659 | D:5      | Killed Grinder
  4659 | D:5      | Reached skill level 7 in Long Blades
  4659 | D:5      | Reached XP level 8. HP: 35/63 MP: 0/8
  4690 | D:5      | Gained mutation: Your magical capacity is low. (-10% MP) [Ru sacrifice]
  5027 | D:6      | HP: 3/64 [acid (14)]
  5029 | D:6      | Reached skill level 12 in Long Blades
  5029 | D:6      | Reached XP level 9. HP: 12/76 MP: 0/8
  5032 | D:6      | Killed from afar by an acid dragon

Skill      XL: |  1  2  3  4  5  6  7  8 |
---------------+-------------------------+-----
Long Blades    | 4 5 7 12 | 12.4
Fighting       | 4 5 9 |  9.3
Armour         | 1 2 |  2.1
Dodging        | |  3.0
Stealth        | |  2.0

Action                   |  1- 3 |  4- 6 |  7- 9 || total
-------------------------+-------+-------+-------++-------
Melee: Falchion          |    74 |    13 |    58 ||   145
       Dagger            |       |   167 |   156 ||   323
Throw: Stone             |     2 |     2 |       ||     4
Invok: Sacrifice Purity  |       |     1 |       ||     1
       Sacrifice Essence |       |       |     1 ||     1
Evoke: Wand              |       |     2 |     2 ||     4
  Use: Scroll            |     3 |    10 |     5 ||    18
       Potion            |       |       |     3 ||     3
 Stab: Sleeping          |     3 |     3 |     1 ||     7
  Eat: Chunk             |       |     7 |     6 ||    13
Armor: Robe              |     3 |       |       ||     3
       Leather armour    |    13 |     9 |       ||    22
       Scale mail        |       |    62 |    84 ||   146
Dodge: Dodged            |    44 |    54 |   114 ||   212
Block: Shield            |       |    32 |       ||    32
       Rpst.: Falchion   |    12 |     4 |     9 ||    25
